 Dungeon Crawl Stone Soup version 0.30-a0-313-gae38170b09 (webtiles) character file.

Game seed: 6372362392441658676

291650 Bnni the Marksant (level 21, -3/182 HPs)
             Began as a Formicid Fighter on Oct 26, 2022.
             Was a High Priest of Okawaru.
             Slain by a dire elephant (27 damage)
             ... in the Arena.
             The game lasted 02:10:11 (33193 turns).

Bnni the Marksant (Formicid Fighter)               Turns: 33193, Time: 02:10:12

Health: -3/182     AC: 18    Str: 23    XL:     21   Next: 67%
Magic:  22/30      EV:  9    Int: 18    God:    Okawaru [*****.]
Gold:   2391       SH: 20    Dex: 18    Spells: 17/30 levels left

rFire   . . .      SeeInvis +    s - +2 battleaxe (freeze)
rCold   . . .      Faith    .    I - +0 tower shield {rPois}
rNeg    + . .      Spirit   .    G - +0 swamp dragon scales
rPois   +          Reflect  .    (helmet unavailable)
rElec   .          Harm     .    F - +2 cloak
rCorr   +          Rampage  .    T - +0 pair of fencer's gloves {Riposte Dex+3}
Will    ++...                    R - +1 pair of boots of Sunlight {-Tele rCorr Int+5}
Stlth   +.........               b - amulet of regeneration
HPRegen 1.30/turn                p - ring of positive energy
MPRegen 0.22/turn                l - +4 ring of slaying

@: finesse-ful, studying Stealth, duelling
A: permanent stasis, dig shafts and tunnels, antennae 3, four strong arms,
clumsy 1
}: 2/15 runes: decaying, gossamer
a: Dig, Renounce Religion, Heroism, Finesse, Duel


You were in the Arena.
You worshipped Okawaru.
Okawaru was extremely pleased with you.
You visited 7 branches of the dungeon, and saw 33 of its levels.
You visited the Abyss 3 times.
You visited 1 bazaar.
You also visited: Ossuary and Ice Cave.

You collected 3795 gold pieces.
You spent 1404 gold pieces at shops.

Inventory:

Hand Weapons
 a - the +12 triple crossbow "Owomaupn" {vorpal, rCorr}
   (Okawaru gifted it to you on level 11 of the Dungeon)

   Any ammunition fired from it inflicts extra damage upon your enemies.
   rCorr:     It protects you from acid and corrosion.
 s - a +2 battleaxe of freezing (weapon)
 C - a +1 triple crossbow of freezing
 N - a +2 executioner's axe of freezing
 S - the +2 battleaxe "Xinudwuf" {vorpal, Drain rC- rN+++ Str+6}
   (You found it on level 4 of the Swamp)

   It inflicts extra damage upon your enemies.
   Str:       It affects your strength (+6).
   rC:        It makes you vulnerable to cold.
   rN:        It renders you almost immune to negative energy.
   Drain:     It drains your maximum health when unequipped.
 V - a +3 scimitar of flaming
 W - a +1 triple crossbow of flaming
Missiles
 c - 8 atropa-tipped darts
 i - 9 curare-tipped darts (quivered)
 u - 9 datura-tipped darts
 x - a boomerang of dispersal
Armour
 o - the +3 pair of seven-league boots {Rampage+∞}
   (You acquired it in a bazaar)

   Its wearer moves as far as possible in that direction when moving towards
   enemies.
 F - a +2 cloak (worn)
 G - +0 swamp dragon scales (worn)
 I - a +0 tower shield of poison resistance (worn)
 R - the +1 pair of boots of Sunlight (worn) {-Tele rCorr Int+5}
   (You found it on level 4 of the Spider Nest)

   Int:       It affects your intelligence (+5).
   -Tele:     It prevents most forms of teleportation.
   rCorr:     It protects you from acid and corrosion.
 T - the +0 pair of fencer's gloves (worn) {Riposte Dex+3}
   (You found it on level 11 of the Dungeon)

   It allows the wearer to riposte with melee weapons, swiftly retaliating
   against missed or blocked melee attacks.
   Dex:       It affects your dexterity (+3).
 U - +0 ice dragon scales
Jewellery
 b - an amulet of regeneration (around neck)
 h - a +4 ring of evasion
 l - a +4 ring of slaying (right hand)
 p - a ring of positive energy (left hand)
 t - a ring of protection from cold
 w - a ring of flight
 P - the ring "Viblait" {rElec Str-3 Int+2 Dex+3 SInv}
   (You found it on level 2 of the Spider Nest)

   [ring of see invisible]

   Str:       It affects your strength (-3).
   Int:       It affects your intelligence (+2).
   Dex:       It affects your dexterity (+3).
   rElec:     It insulates you from electricity.
   SInv:      It lets you see invisible.
Wands
 A - a wand of roots (21)
 B - a wand of flame (29)
 E - a wand of mindburst (28)
 O - a wand of acid (5)
 Q - a wand of polymorph (9)
Scrolls
 k - 7 scrolls of enchant weapon
 q - 5 scrolls of amnesia
 r - 6 scrolls of enchant armour
 v - 9 scrolls of vulnerability
 y - 4 scrolls of magic mapping
 D - 6 scrolls of immolation
 J - 2 scrolls of silence
 L - 3 scrolls of brand weapon
 M - 5 scrolls of poison
Potions
 d - 3 potions of might
 e - 3 potions of cancellation
 f - 13 potions of mutation
 g - 5 potions of curing
 j - 4 potions of lignification
 m - 9 potions of ambrosia
 n - 10 potions of flight
 z - 7 potions of brilliance
 H - 4 potions of magic
 K - 4 potions of attraction


   Skills:
 + Level 19.7 Fighting
 - Level 15.8 Axes
 * Level 20.2 Ranged Weapons
 + Level 12.8 Armour
 - Level 15.0 Shields
 - Level 5.1 Spellcasting
 - Level 5.0 Hexes
 - Level 5.0 Translocations
 - Level 13.0 Invocations


You had 17 spell levels left.
You knew the following spells:

 Your Spells              Type           Power      Damage    Failure   Level
a - Apportation           Tloc           44%        N/A       6%          1
c - Lesser Beckoning      Tloc           44%        N/A       19%         3
d - Portal Projectile     Hex/Tloc       44%        N/A       19%         3
f - Manifold Assault      Tloc           22%        N/A       54%         4
w - Wereblood             Tmut           4%         N/A       58%         2

Your spell library contained the following spells:

 Spells                   Type           Power      Damage    Failure   Level
 Gell's Gravitas          Tloc           22%        N/A       19%         3
 Teleport Other           Tloc           22%        N/A       19%         3
 Beastly Appendage        Tmut           8%         N/A       45%         1
 Freeze                   Ice            16%        1d4       45%         1
 Magic Dart               Conj           16%        1d3       45%         1
 Necrotise                Necr           16%        1d4       45%         1
 Cause Fear               Hex            11%        N/A       54%         4
 Scorch                   Fire           8%         2d5       58%         2
 Searing Ray              Conj           8%         2d4       58%         2
 Frozen Ramparts          Ice            8%         1d2       83%         3
 Hailstorm                Conj/Ice       4%         3d4       83%         3
 Ignite Poison            Fire/Tmut/Pois 4%         N/A       83%         3
 Mephitic Cloud           Conj/Pois/Air  4%         N/A       83%         3
 Ozocubu's Armour         Ice            4%         N/A       83%         3
 Spider Form              Tmut/Pois      4%         N/A       83%         3
 Vampiric Draining        Necr           4%         2d6       83%         3
 Leda's Liquefaction      Hex/Erth       6%         N/A       87%         4
 Flame Wave               Conj/Fire      4%         2d5       99%         4
 Ice Form                 Ice/Tmut       4%         N/A       99%         4
 Sticky Flame             Conj/Fire      4%         2d3       99%         4
 Metabolic Englaciation   Hex/Ice        6%         N/A       99%         5
 Agony                    Necr           4%         N/A       100%        5
 Blade Hands              Tmut           2%         N/A       100%        5
 Freezing Cloud           Conj/Ice/Air   2%         6-21      100%        5
 Irradiate                Conj/Tmut      2%         3d12      100%        5
 Conjure Ball Lightning   Conj/Air       2%         3x3d6     100%        6
 Dispersal                Tloc           11%        N/A       100%        6
 Eringya's Noxious Bog    Tmut/Pois      2%         N/A       100%        6
 Statue Form              Tmut/Erth      2%         N/A       100%        6
 Dragon Form              Tmut           2%         N/A       100%        7
 Ozocubu's Refrigeration  Ice            2%         4d7       100%        7
 Disjunction              Tloc           11%        N/A       100%        8
 Ignition                 Fire           2%         3d3       100%        8
 Necromutation            Tmut/Necr      2%         N/A       100%        8
 Polar Vortex             Ice            2%         N/A       100%        9
 Summon Small Mammal      Summ           Unusable   N/A       N/A         1
 Call Imp                 Summ           Unusable   N/A       N/A         2
 Call Canine Familiar     Summ           Unusable   N/A       N/A         3
 Summon Ice Beast         Ice/Summ       Unusable   N/A       N/A         4
 Summon Forest            Summ/Tloc      Unusable   N/A       N/A         5
 Simulacrum               Ice/Necr       Unusable   N/A       N/A         6
 Summon Cactus Giant      Summ           Unusable   N/A       N/A         6
 Summon Hydra             Summ           Unusable   N/A       N/A         7
 Dragon's Call            Summ           Unusable   N/A       N/A         9

Dungeon Overview and Level Annotations

Branches:
Dungeon (14/15)            Temple (1/1) D:5            Lair (5/5) D:9
  Swamp (4/4) Lair:2       Spider (4/4) Lair:2        Slime (0/5) Lair:4
    Orc (2/2) D:10            Elf (3/3) Orc:2        Vaults (0/5) D:14
Ossuary (visited)           IceCv (visited)

Altars:
Ashenzari
Cheibriados
Elyvilon
Fedhas
Gozag
Nemelex Xobeh
Okawaru
Qazlal
Ru
Sif Muna
Trog
Uskayaw
Wu Jian
Xom
The Shining One

Shops:
D:8 :   Orc:2 *:!(   Elf:1 :

Portals:
Abyss: D:14
Pandemonium: Orc:2
Trove: Elf:3 (give +5 demon whip)

Annotations:
D:14 2 transporters, Guhulijo's ghost, journeyman FeAE


Innate Abilities, Weirdness & Mutations

You cannot be hasted, slowed, berserked, paralysed or teleported.
You can dig through walls and to a lower floor.
You have a pair of large antennae on your head. (SInv)
Your four strong arms can wield two-handed weapons with a shield.
You are clumsy. (Dex -2)


Message History

You slice the ophan!! You freeze the ophan!
The ophan is heavily wounded.
You slash the purple draconian shifter!
You freeze the purple draconian shifter.
You slice the dire elephant!! You freeze the dire elephant!
You slash the dire elephant! You freeze the dire elephant.
You feel like a meek peon again.
The ophan calls forth blessed flames!
The dire elephant tramples you.
You hold your ground!
The dire elephant trunk-slaps you but does no damage.
You block the dire elephant's attack.
The dire elephant trunk-slaps you but does no damage.
The purple draconian shifter casts a spell at you.
The hellephant blinks!
The dire elephant blinks into view!
You slice the purple draconian shifter!!
The purple draconian shifter seems to slow down.
You freeze the purple draconian shifter.
You kill the purple draconian shifter!
Okawaru accepts your kill.
You slash the dire elephant! You freeze the dire elephant.
You hit the hellephant. You freeze the hellephant. You hit the dire elephant.
You freeze the dire elephant. You slash the dire elephant!
You freeze the dire elephant. You hit the ophan but do no damage.
The hellephant is engulfed in blessed fire.
The hellephant breathes flames at you. The blast of flame hits you!!!!
* * * LOW HITPOINT WARNING * * *
Aiming: Duel (4% risk of failure)
Press: ? - help, Dir - move target, f - dire elephant
Aim: a dire elephant (heavily wounded, haloed)
You enter into single combat with the dire elephant!
You enter Okawaru's Arena!
The spectator shouts! x9
You block the dire elephant's attack.
The dire elephant trunk-slaps you but does no damage.
Found a gate leading back out of this place.
There is an empty arch of ancient stone here.
You feel better. The dire elephant tramples you!!
You die...
Okawaru crowns the dire elephant victorious!

###########
#.p.▓∩▓.p.# ##
▓▓▓▓▓▓▓▓▓ ##
#.▓ ....... ▓.#
#p▓.#.....#.▓p#
#.▓.........▓.#
#▓▓.........▓▓#
#p▓....@....▓p#
#▓▓.....Y...▓▓#
#.▓.........▓.#
#p▓.#.....#.▓p#
#.▓ ....... ▓.#
## ▓▓▓▓▓▓▓▓▓ ##
#.p.▓p▓.p.#
###########


You could see a dire elephant.

Vanquished Creatures
  the Lernaean hydra (Swamp:4)
  A bone dragon (Abyss:4)
  Jorgrun (Swamp:3)
  A tentacled monstrosity (Swamp:4)
  2 deep elf blademasters (Elf:3)
  The ghost of Bujuoga the Warrior, an adept AtFi of Okawaru (Elf:1)
  4 tentacled starspawn (Abyss:4)
  The ghost of MrRokkomies the Dancer, an adept AtDe of Uskayaw (Spider:4)
  A thorn hunter (Swamp:4)
  Kirke (Lair:5)
  Roxanne (Swamp:3)
  The ghost of Voanoc the Warrior, an adept GrFi of Jiyva (Elf:1)
  The ghost of Voanoc the Warrior, an adept GrFi of Jiyva (Elf:1)
  A fenstrider witch (Swamp:4)
  A cacodemon (Abyss:4)
  6 emperor scorpions
  A frost giant (IceCv)
  5 deep elf sorcerers
  Aizul (Spider:2)
  2 deep elf elementalists (Elf:3)
  5 ghost moths
  A draconian shifter (Abyss:4)
  A quicksilver ooze (shapeshifter) (Elf:1)
  A broodmother (Spider:1)
  11 deep elf annihilators
  3 eleionomae
  The ghost of ouz the Swashbuckler, a journeyman KoGl of Uskayaw (Lair:5)
  2 dire elephants (Abyss:4)
  7 deep elf demonologists
  2 bunyips
  3 spark wasps
  Snorg (Orc:2)
  8 deep elf death magi
  3 deep elf high priests (Elf:3)
  2 shambling mangroves (Swamp:3)
  8 vault guards (D:14)
  3 entropy weavers
  3 rakshasas
  2 ghost crabs (Swamp:4)
  A jorogumo (Spider:3)
  An ogre mage (D:10)
  23 hydras
  2 radroaches
  A tengu warrior (D:14)
  6 boulder beetles
  3 demonspawn (Orc:2)
  13 alligators
  3 two-headed ogres
  7 centaur warriors
  10 dancing weapons
  The ghost of choppaz the Fighter, a novice DjFE of Makhleb (D:8)
  A death knight (D:14)
  4 death scarabs
  4 thrashing horrors (Abyss:4)
  4 orc high priests (Orc:2)
  9 death yaks
  A spriggan berserker (Swamp:1)
  3 hell knights (Abyss:4)
  4 wretched stars (Abyss:4)
  13 deep elf knights
  4 pharaoh ants
  2 spectral ghost moths (Spider:4)
  9 goliath frogs
  9 orb spiders
  A death drake (Swamp:3)
  2 sixfirhies (Abyss:4)
  9 swamp dragons
  4 spriggan druids
  3 steelbarb worms
  A flayed ghost (Abyss:4)
  4 bog bodies
  A steelbarb worm (shapeshifter) (D:13)
  A wizard (D:11)
  5 large abominations (Abyss:4)
  A lindwurm (Lair:4)
  14 deep elf archers
  A spectral wolf spider (Spider:4)
  7 orc knights
  A phantasmal warrior (D:14)
  30 deep elf zephyrmancers
  3 necromancers
  31 deep elf pyromancers
  8 ugly things
  7 wolf spider zombies (Spider:2)
  3 will-o-the-wisps
  8 wolf spiders
  The ghost of Jannitor the Trooper, a novice DsCK of Xom (D:6)
  3 cyclopes
  8 orc sorcerers
  A shining eye (shapeshifter) (Elf:2)
  5 manticores
  A rust devil (Orc:2)
  5 elephants
  2 ice statues
  Maurice (Orc:2)
  5 moths of wrath
  2 worldbinders (Abyss:4)
  6 black mambas
  2 emperor scorpion simulacra (Spider:4)
  3 smoke demons (Abyss:4)
  6 torpor snails
  2 gargoyles
  13 cane toads
  9 rime drakes
  8 komodo dragons
  An orange demon (Abyss:4)
  An unseen horror (shapeshifter) (D:13)
  2 kobold demonologists
  9 redback zombies (Spider:2)
  10 demonic crawlers
  2 freezing wraiths
  2 ghost moth simulacra (Spider:4)
  2 tengu conjurers
  4 hellwings
  An efreet (D:13)
  3 meliai (Spider:2)
  20 polar bears
  7 trolls
  3 tyrant leeches
  A tarantella (shapeshifter) (D:8)
  17 hornets
  9 blink frogs
  9 culicivora zombies (Spider:2)
  2 raiju (Abyss:4)
  19 tarantellas
  6 slime creatures
  11 tarantella zombies (Spider:2)
  12 dream sheep
  27 jumping spiders
  A spriggan (shapeshifter) (D:8)
  2 shadows
  16 spriggans
  A jumping spider (shapeshifter) (Elf:1)
  2 water elementals
  19 culicivoras
  7 wraiths
  2 fire elementals (Elf:2)
  5 wyverns
  32 yaks
  3 air elementals
  3 hogs (Lair:5)
  2 basilisks
  A basilisk (shapeshifter) (D:8)
  A chaos spawn (Abyss:4)
  2 neqoxecs (D:8)
  47 redbacks
  29 vampire mosquitoes
  A steam dragon (D:9)
  4 wargs (Orc:1)
  A spectral entropy weaver (Spider:4)
  19 swamp worms
  11 water moccasins
  Duvessa (D:4)
  An acid dragon (D:9)
  7 swamp drakes (Swamp:4)
  29 orc warriors
  4 black bears
  65 wolves
  4 ogres
  4 boggarts (Lair:5)
  21 centaurs
  A phantom (D:6)
  8 kobold brigands
  Blork the orc (D:4)
  A gnoll sergeant (D:7)
  9 bullfrogs
  A scorpion (shapeshifter) (D:8)
  13 scorpions
  An earth elemental (Elf:1)
  A necrophage (D:5)
  An entropy weaver simulacrum (Spider:4)
  18 wights
  Dowan (D:4)
  13 killer bees
  12 electric eels
  6 howler monkeys
  13 starcursed masses (Abyss:4)
  25 orc priests
  7 hounds
  6 jellies
  3 quasits (Abyss:4)
  2 centaur zombies (Ossuary)
  An iron imp (Abyss:4)
  Crazy Yiuf (D:5)
  19 orc wizards
  2 iguanas
  3 scorpion zombies (Ossuary)
  5 mummies
  4 gnolls (D:7)
  2 adders
  2 shadow imps
  13 white imps
  3 ufetubi
  3 worms
  A dart slug (D:5)
  61 orcs
  8 endoplasms
  4 giant cockroaches
  3 gnoll zombies (Ossuary)
  3 hobgoblins
  2 jackals (D:2)
  A quokka (D:1)
  6 ball pythons
  9 bats
  3 frilled lizards
  6 goblins
  3 goblin zombies (Ossuary)
  2 hobgoblin zombies (Ossuary)
  16 kobolds
  3 kobold zombies (Ossuary)
  7 rats
  A butterfly (Lair:2)
  2 starspawn tentacles (Abyss:4)
1336 creatures vanquished.

Vanquished Creatures (collateral kills)
  A scorpion (D:4)
  A goblin (D:4)
2 creatures vanquished.

Vanquished Creatures (others)
  A hydra (Swamp:4)
  A deep elf zephyrmancer (Elf:1)
  2 bloated husks
  2 orcs (D:8)
  A butterfly (D:4)
  2 demonic plants (D:14)
  12 foxfires
  11 fungi
  A lurking horror (Abyss:4)
  8 plants
  3 starspawn tentacles (Abyss:4)
  4 withered plants (Elf:1)
48 creatures vanquished.

Grand Total: 1386 creatures vanquished

Notes
Turn   | Place    | Note
-------+----------+-------------------------------------------
     0 | D:1      | Bnni the Formicid Fighter began the quest for the Orb.
     0 | D:1      | Reached XP level 1. HP: 18/18 MP: 1/1
   136 | D:1      | Reached XP level 2. HP: 24/24 MP: 2/2
   857 | D:2      | Reached XP level 3. HP: 29/29 MP: 3/3
  1707 | D:3      | Reached XP level 4. HP: 37/37 MP: 4/4
  1997 | D:3      | Reached skill level 5 in Shields
  2400 | D:4      | Noticed a scorpion
  2411 | D:4      | Killed a scorpion
  2412 | D:4      | Reached XP level 5. HP: 43/43 MP: 5/5
  2414 | D:4      | Found a white marble altar of Elyvilon.
  2425 | D:4      | Reached XP level 6. HP: 49/49 MP: 6/6
  2471 | D:4      | Noticed Duvessa
  2471 | D:4      | Noticed Blork the orc
  2471 | D:4      | Noticed Dowan
  2482 | D:4      | You fall into a shaft and drop 3 floors!
  2592 | D:7      | Found an opulent altar of Gozag.
  2660 | D:7      | Reached skill level 5 in Axes
  2665 | D:7      | Reached skill level 5 in Fighting
  2743 | D:7      | Reached XP level 7. HP: 41/56 MP: 7/7
  2843 | D:7      | Noticed a water moccasin
  2868 | D:7      | Killed a water moccasin
  2872 | D:7      | Reached XP level 8. HP: 43/64 MP: 8/8
  2978 | D:5      | Entered Level 5 of the Dungeon
  3136 | D:5      | Found a stormy altar of Qazlal.
  3150 | D:5      | Found an ornate altar of the Wu Jian Council.
  3196 | D:5      | Found a staircase to the Ecumenical Temple.
  3206 | Temple   | Entered the Ecumenical Temple
  3227 | Temple   | Became a worshipper of Warmaster Okawaru
  3283 | D:5      | Found a sand-covered staircase.
  3310 | Ossuary  | Entered an ossuary
  3483 | Ossuary  | Reached XP level 9. HP: 61/72 MP: 9/9
  3513 | Ossuary  | Reached * piety under Okawaru
  4011 | D:4      | Killed Duvessa
  4013 | D:4      | Killed Dowan
  4014 | D:4      | Reached skill level 1 in Invocations
  4050 | D:4      | Reached ** piety under Okawaru
  4101 | D:4      | Killed Blork the orc
  4465 | D:5      | Found a runed translucent door.
  4466 | D:5      | Noticed Crazy Yiuf
  4475 | D:5      | Killed Crazy Yiuf
  4728 | D:6      | Found a glowing golden altar of the Shining One.
  4732 | D:6      | Found a sparkling altar of Nemelex Xobeh.
  4732 | D:6      | Found a sacrificial altar of Ru.
  4733 | D:6      | Found a blossoming altar of Fedhas.
  4752 | D:6      | Noticed Jannitor's ghost (novice DsCK)
  4756 | D:6      | Found a runed translucent door.
  4766 | D:6      | Reached skill level 10 in Axes
  4792 | D:6      | Killed Jannitor's ghost
  4793 | D:6      | Reached XP level 10. HP: 55/82 MP: 9/12
  5376 | D:6      | Reached *** piety under Okawaru
  5529 | D:7      | Reached skill level 5 in Invocations
  5596 | D:7      | Found a hide-covered altar of Uskayaw.
  5864 | D:7      | Found a shimmering blue altar of Sif Muna.
  6178 | D:8      | Found a runed translucent gate.
  6308 | D:8      | Reached **** piety under Okawaru
  6311 | D:8      | Reached XP level 11. HP: 77/90 MP: 13/15
  6330 | D:8      | Found Jitos's Book Shop.
  6618 | D:8      | Noticed a moth of wrath
  6621 | D:8      | Found a bloodstained altar of Trog.
  6641 | D:8      | Killed a moth of wrath
  6642 | D:8      | Reached skill level 10 in Fighting
  6770 | D:8      | Found a runed translucent gate.
  6770 | D:8      | Found a runed translucent gate.
  6770 | D:8      | Noticed a green ugly thing
  6770 | D:8      | Noticed a cyan ugly thing
  6770 | D:8      | Noticed a white ugly thing
  6770 | D:8      | Noticed a green ugly thing
  6772 | D:8      | Noticed a green ugly thing
  6929 | D:8      | Killed a white ugly thing
  6937 | D:8      | Killed a green ugly thing
  6943 | D:8      | Killed a green ugly thing
  6952 | D:8      | Killed a cyan ugly thing
  6959 | D:8      | HP: 1/92 [red ugly thing (22)]
  6964 | D:8      | Killed a red ugly thing
  7027 | D:8      | Found a runed translucent gate.
  7027 | D:8      | Found a runed translucent gate.
  7042 | D:8      | Noticed choppaz's ghost (novice DjFE)
  7043 | D:8      | Found a runed translucent gate.
  7043 | D:8      | Noticed an entropy weaver
  7043 | D:8      | Found the +5 robe of Night {Dark Will+ SInv}
  7058 | D:8      | an entropy weaver changed into a scorpion
  7071 | D:8      | Reached ***** piety under Okawaru
  7093 | D:8      | Killed choppaz's ghost
  7331 | D:9      | Found a staircase to the Lair.
  7336 | D:9      | Noticed a death yak
  7336 | D:9      | Noticed a death yak
  7350 | D:9      | Noticed a death yak
  7370 | D:9      | Killed a death yak
  7392 | D:9      | Reached XP level 12. HP: 86/100 MP: 15/18
  7401 | D:9      | Killed a death yak
  7412 | D:9      | Killed a death yak
  7518 | D:9      | Noticed a soul eater
  7549 | D:9      | Identified the +1 robe "Xaptit" {rF+ rN+ Will+ Str-4
                  | Slay+2} (Okawaru gifted it to you on level 9 of the
                  | Dungeon)
  7549 | D:9      | Received a gift from Okawaru
  7766 | D:9      | Found a shimmering altar of Xom.
  7838 | D:9      | Found a hide-covered altar of Uskayaw.
  8445 | D:10     | Entered Level 10 of the Dungeon
  8763 | D:10     | Found a staircase to the Orcish Mines.
  8798 | D:10     | Noticed a boulder beetle
  8818 | D:10     | Killed a boulder beetle
  8866 | D:10     | Noticed an ogre mage
  8867 | D:10     | Noticed a rakshasa
  8868 | D:10     | Noticed a centaur warrior
  8889 | D:10     | Killed a centaur warrior
  8903 | D:10     | Killed a rakshasa
  8923 | D:10     | Killed an ogre mage
  8935 | D:10     | Reached skill level 10 in Invocations
  8940 | D:10     | Reached skill level 15 in Axes
  8952 | D:10     | Identified the +8 arbalest "Dyonloix" {elec, rN+}
  9327 | D:10     | Noticed a two-headed ogre
  9348 | D:10     | Killed a two-headed ogre
  9591 | D:10     | Reached XP level 13. HP: 81/108 MP: 20/20
  9866 | D:11     | Learned a level 3 spell: Lesser Beckoning
 10290 | D:11     | Noticed a seven-headed hydra
 10304 | D:11     | Killed a seven-headed hydra
 10391 | D:11     | Reached ****** piety under Okawaru
 10391 | D:11     | Identified the +12 triple crossbow "Owomaupn" {vorpal,
                  | rCorr} (Okawaru gifted it to you on level 11 of the
                  | Dungeon)
 10391 | D:11     | Received a gift from Okawaru
 10406 | D:11     | Reached skill level 1 in Ranged Weapons
 10495 | D:11     | Reached skill level 2 in Ranged Weapons
 10655 | D:11     | Noticed a centaur warrior
 10673 | D:11     | Killed a centaur warrior
 10674 | D:11     | Reached skill level 3 in Ranged Weapons
 10735 | D:11     | Identified the +10 sling of the Saviour {drain, *Corrode
                  | rN+ Will+ Int+3}
 10738 | D:11     | Identified the +0 rapier "Vuklos" {vorpal, *Rage Fly rCorr}
 10745 | D:11     | Found the +0 pair of fencer's gloves {Riposte Dex+3}
 11383 | D:12     | Noticed a four-headed hydra
 11404 | D:12     | Killed a four-headed hydra
 11404 | D:12     | Identified the +7 broad axe "Zorykhliu" {vorpal, Fragile
                  | rC++ Dex+4} (Okawaru gifted it to you on level 12 of the
                  | Dungeon)
 11404 | D:12     | Received a gift from Okawaru
 11405 | D:12     | Reached skill level 4 in Ranged Weapons
 11568 | D:12     | Learned a level 4 spell: Manifold Assault
 11969 | D:12     | Found a snail-covered altar of Cheibriados.
 12273 | D:13     | Reached skill level 5 in Ranged Weapons
 12289 | D:13     | Received a gift from Okawaru
 12290 | D:13     | Reached XP level 14. HP: 72/118 MP: 22/22
 12740 | D:13     | Reached skill level 5 in Armour
 12990 | D:14     | Reached skill level 6 in Ranged Weapons
 13165 | D:14     | Noticed an Executioner
 13220 | D:14     | Noticed Guhulijo's ghost (journeyman FeAE)
 13319 | D:14     | Found a transporter.
 13319 | D:14     | Found a one-way gate to the infinite horrors of the Abyss.
 13327 | D:14     | Found a transporter.
 13329 | D:14     | Found a gate to the Vaults.
 13340 | D:14     | Noticed a purple very ugly thing
 13353 | D:14     | Received a gift from Okawaru
 13429 | D:14     | Reached skill level 7 in Ranged Weapons
 14277 | D:14     | Received a gift from Okawaru
 14514 | Lair:1   | Entered Level 1 of the Lair of Beasts
 14595 | Lair:1   | Reached skill level 8 in Ranged Weapons
 14608 | Lair:1   | Found a frozen archway.
 14638 | IceCv    | Entered an ice cave
 14768 | IceCv    | Reached XP level 15. HP: 50/126 MP: 22/24
 15021 | IceCv    | Identified the +2 crystal plate armour "Dyskil" {Will+
                  | rCorr} (Okawaru gifted it to you in an ice cave)
 15021 | IceCv    | Received a gift from Okawaru
 15151 | IceCv    | Noticed a frost giant
 15165 | IceCv    | Killed a frost giant
 15168 | IceCv    | Reached skill level 9 in Ranged Weapons
 16028 | Lair:2   | Found a hole to the Spider Nest.
 16317 | Lair:2   | Found a staircase to the Swamp.
 16659 | Lair:3   | Reached skill level 10 in Ranged Weapons
 17026 | Lair:4   | Learned a level 1 spell: Apportation
 17035 | Lair:4   | Found a runed translucent door.
 17071 | Lair:4   | Found a staircase to the Slime Pits.
 17442 | Lair:4   | Received a gift from Okawaru
 18012 | Lair:5   | Entered Level 5 of the Lair of Beasts
 18012 | Lair:5   | Noticed Kirke
 18074 | Lair:5   | Killed Kirke
 18109 | Lair:5   | Reached skill level 15 in Fighting
 18119 | Lair:5   | Reached XP level 16. HP: 74/136 MP: 25/25
 18281 | Lair:5   | Reached skill level 11 in Ranged Weapons
 18366 | Lair:5   | Learned a level 2 spell: Wereblood
 18549 | Lair:5   | Reached skill level 10 in Shields
 18617 | Lair:5   | Found a transporter.
 18651 | Lair:5   | Noticed ouz's ghost (journeyman KoGl)
 18665 | Lair:5   | Found a transporter.
 19117 | Lair:5   | Killed ouz's ghost
 19145 | Arena    | Entered the Arena
 19182 | Lair:5   | Reached skill level 12 in Ranged Weapons
 19404 | Orc:1    | Entered Level 1 of the Orcish Mines
 19823 | Orc:2    | Entered Level 2 of the Orcish Mines
 19896 | Orc:2    | Noticed Maurice
 19909 | Orc:2    | Killed Maurice
 19909 | Orc:2    | Received a gift from Okawaru
 20082 | Orc:2    | Found Hethofem's General Store.
 20084 | Orc:2    | Found Cibor's Distillery.
 20372 | Orc:2    | Reached skill level 10 in Armour
 20696 | Orc:2    | Found Aloennok's Book Boutique.
 20696 | Orc:2    | Found Yzoev's Antique Weapon Shop.
 20696 | Orc:2    | Found a one-way gate leading to the halls of Pandemonium.
 20699 | Orc:2    | Reached XP level 17. HP: 144/144 MP: 26/26
 20704 | Orc:2    | Bought a book of the Hunter for 390 gold pieces
 20724 | Orc:2    | Learned a level 3 spell: Portal Projectile
 20776 | Orc:2    | Noticed Snorg
 20788 | Orc:2    | Killed Snorg
 20800 | Orc:2    | Found a staircase to the Elven Halls.
 21196 | Orc:2    | Bought 2 potions of curing for 78 gold pieces
 21196 | Orc:2    | Bought a potion of curing for 39 gold pieces
 21196 | Orc:2    | Bought a potion of heal wounds for 65 gold pieces
 21196 | Orc:2    | Bought a potion of heal wounds for 65 gold pieces
 21196 | Orc:2    | Bought a potion of heal wounds for 65 gold pieces
 21198 | Orc:2    | Bought a potion of curing for 48 gold pieces
 21316 | Swamp:1  | Entered Level 1 of the Swamp
 21426 | Swamp:1  | Reached skill level 13 in Ranged Weapons
 22276 | Swamp:2  | Found an iron altar of Okawaru.
 22431 | Swamp:2  | Identified the +5 broad axe of Grandeur {protect, Fragile
                  | rF+ Str+4 Stlth+} (Okawaru gifted it to you on level 2 of
                  | the Swamp)
 22431 | Swamp:2  | Received a gift from Okawaru
 22522 | Swamp:2  | Identified the +0 cloak "Bicuczorr" {rC+ MP+9 Slay-4}
 22599 | Swamp:2  | Identified the +1 scale mail "Xomoros" {rElec rF- Regen+}
 23082 | Swamp:3  | Identified Roxanne's Dissertation on Permutations
 23082 | Swamp:3  | Noticed Roxanne
 23097 | Swamp:3  | Killed Roxanne
 23157 | Swamp:3  | Reached skill level 14 in Ranged Weapons
 23524 | Swamp:3  | Received a gift from Okawaru
 23679 | Swamp:3  | Noticed Jorgrun
 23704 | Swamp:3  | Killed Jorgrun
 24034 | Swamp:4  | Entered Level 4 of the Swamp
 24050 | Swamp:4  | Noticed a tentacled monstrosity
 24060 | Swamp:4  | Killed a tentacled monstrosity
 24138 | Swamp:4  | Identified the +2 battleaxe "Xinudwuf" {vorpal, Drain rC-
                  | rN+++ Str+6}
 24145 | Swamp:4  | Identified the +10 spear "Juasully" {flame, +Blink rPois
                  | Will- Str+2}
 24321 | Swamp:4  | Reached XP level 18. HP: 148/150 MP: 27/27
 24509 | Arena    | Entered the Arena
 24688 | Arena    | Entered the Arena
 24722 | Swamp:4  | Reached skill level 15 in Ranged Weapons
 24866 | Swamp:4  | Noticed the 27-headed Lernaean hydra
 24871 | Swamp:4  | Killed the 27-headed Lernaean hydra
 24877 | Swamp:4  | Identified the +2 robe of Fortification {Will+} (Okawaru
                  | gifted it to you on level 4 of the Swamp)
 24877 | Swamp:4  | Received a gift from Okawaru
 24943 | Swamp:4  | Got a decaying rune of Zot
 25383 | Spider:1 | Entered Level 1 of the Spider Nest
 26017 | Spider:1 | Reached skill level 16 in Ranged Weapons
 26464 | Spider:2 | Received a gift from Okawaru
 26582 | Spider:2 | Identified the ring "Viblait" {rElec Str-3 Int+2 Dex+3
                  | SInv}
 26646 | Spider:1 | Reached XP level 19. HP: 159/162 MP: 28/28
 26770 | Spider:2 | Noticed Aizul
 26774 | Spider:2 | Reached skill level 15 in Shields
 26781 | Arena    | Entered the Arena
 26809 | Arena    | Entered the Arena
 26832 | Arena    | Entered the Arena
 26876 | Spider:2 | Killed Aizul
 26877 | Spider:2 | Reached skill level 17 in Ranged Weapons
 27190 | Spider:2 | You fall into a shaft and drop 1 floor!
 27366 | Spider:3 | Reached skill level 1 in Hexes
 27533 | Spider:3 | Reached skill level 1 in Spellcasting
 27559 | Spider:3 | Reached skill level 1 in Translocations
 28033 | Spider:4 | Entered Level 4 of the Spider Nest
 28242 | Spider:4 | Found a transporter.
 28247 | Spider:4 | Noticed MrRokkomies's ghost (adept AtDe)
 28281 | Spider:4 | Found a transporter.
 28490 | Abyss:4  | Cast into level 4 of the Abyss (MrRokkomies's ghost)
 28491 | Abyss:4  | Found a broken altar of Ashenzari.
 28539 | Abyss:4  | Noticed a bone dragon
 28544 | Abyss:4  | Killed a bone dragon
 28562 | Spider:4 | Escaped the Abyss
 28578 | Spider:4 | Killed MrRokkomies's ghost
 29453 | Spider:4 | Identified the +1 pair of boots of Sunlight {-Tele rCorr
                  | Int+5}
 29481 | Spider:4 | Got a gossamer rune of Zot
 29760 | Elf:1    | Entered Level 1 of the Elven Halls
 29813 | Elf:1    | Reached XP level 20. HP: 166/172 MP: 29/29
 29834 | Elf:1    | Reached skill level 18 in Ranged Weapons
 29844 | Elf:1    | Received a gift from Okawaru
 29907 | Elf:1    | Got the Volume of Combat Magic
 29933 | Elf:1    | Reached skill level 5 in Hexes
 30244 | Elf:1    | Found Henkov's Book Boutique.
 30292 | Elf:1    | Found a runed translucent gate.
 30293 | Elf:1    | Found a runed translucent gate.
 30294 | Elf:1    | Found a runed translucent gate.
 30295 | Abyss:4  | Cast into level 4 of the Abyss (a deep elf sorcerer)
 30387 | Abyss:4  | Reached skill level 5 in Spellcasting
 30559 | Abyss:4  | Received a gift from Okawaru
 30627 | Abyss:4  | Reached skill level 5 in Translocations
 30632 | Elf:1    | Escaped the Abyss
 30638 | Elf:1    | Noticed Voanoc's ghost (adept GrFi)
 30729 | Elf:1    | Noticed Bujuoga's ghost (adept AtFi)
 30729 | Elf:1    | Noticed Voanoc's ghost (adept GrFi)
 31197 | Elf:1    | Killed Voanoc's ghost
 31213 | Elf:1    | Killed Bujuoga's ghost
 31224 | Elf:1    | Killed Voanoc's ghost
 31361 | Elf:2    | Received a gift from Okawaru
 31364 | Elf:2    | Reached skill level 19 in Ranged Weapons
 31534 | Elf:2    | Gained mutation: You are clumsy. (Dex -2) [a shining eye]
 31575 | Elf:2    | Reached XP level 21. HP: 139/180 MP: 30/30
 32106 | Elf:3    | Entered Level 3 of the Elven Halls
 32171 | Elf:3    | Found a portal to a secret trove of treasure.
 32221 | Elf:3    | Identified the +1 chain mail of Knowledge {rElec} (Okawaru
                  | gifted it to you on level 3 of the Elven Halls)
 32221 | Elf:3    | Received a gift from Okawaru
 32257 | Elf:3    | Found a flickering gateway to a bazaar.
 32267 | Bazaar   | Entered a bazaar
 32267 | Bazaar   | Found Lavubeosm's Antique Weapon Emporium.
 32267 | Bazaar   | Found Udoykhli's General Store.
 32268 | Bazaar   | Found Asogos's Antique Weapon Shoppe.
 32268 | Bazaar   | Found Bohorate's Armour Shoppe.
 32291 | Bazaar   | Bought a scroll of acquirement for 572 gold pieces
 32291 | Bazaar   | Bought a scroll of enchant armour for 82 gold pieces
 32292 | Bazaar   | Acquired the +3 pair of seven-league boots {Rampage+∞}
 32292 | Bazaar   | Found the +3 pair of seven-league boots {Rampage+∞}
 32658 | Elf:3    | Noticed a Tzitzimitl
 33012 | Elf:3    | Identified the +0 buckler "Voteu" {Harm}
 33033 | Elf:3    | Reached skill level 20 in Ranged Weapons
 33156 | Elf:3    | Noticed a Tzitzimitl
 33167 | Abyss:4  | Cast into level 4 of the Abyss (a deep elf sorcerer)
 33192 | Arena    | Entered the Arena
 33193 | Arena    | Slain by a dire elephant

Illustrated notes

Levels and vault maps discovered:
D:1:      shiori_arrival_maze, layout_loops_cross
D:2:      layout_basic, kennysheep_generic_room_2
D:3:      layout_basic
D:4:      layout_basic, nicolae_elyvilon_peaceful_grove, kennysheep_diamond,
          uniq_blork_the_orc, uniq_duvessa, uniq_grinder
D:5:      layout_cave_pods, mainiacjoe_overflow_swirl,
          minmay_temple_entry_slanted, gup_ossuary_entry_pyramid,
          item_on_display_a, uniq_crazy_yiuf_cottage
D:6:      layout_gridville, chequers_temple_overflow_statue_of_worship,
          hellmonk_ghost_happy_afterlife
D:7:      layout_loops_ring, led_sif_pool, lemuel_tele_altar,
          grunt_gozag_statues, grunt_decor_junction, nrook_pool_corridor
D:8:      layout_cave_pools, tgw_trog, serial_shops, shop,
          ploomutoo_gammafunk_ghost_potion_laboratory, minivault_4
D:9:      layout_roguey [special_room_kobold], tgw_xom, dpeg_lair_monsters,
          hex_intersection, st_stairs_7, minmay_ruined_shrine
D:10:     layout_basic, grunt_ministairs_14, onia_ninara_dug_in_and_dangerous
D:11:     minmay_the_grid_net [minmay_the_grid_rooms, minmay_the_grid_doors,
          minmay_the_grid_mess, minmay_the_grid_x, minmay_the_grid_box_x,
          minmay_the_grid_prize_trominoes], layout_stronghold,
          gauntlet_entry_generic
D:12:     layout_gridville, slow_altar_2
D:13:     layout_roguey, minmay_misc_feat_iff
D:14:     layout_cave_pods, erik_vaults_2, gammafunk_ghost_abyssal_escape,
          dreamdust_princess_corridor
Temple:   hellmonk_temple_flake
Lair:1:   layout_hall_layers, portal_ice_cave_entry_imps,
          grunt_forest_large_clearings
Lair:2:   layout_cave_shapes, swamp_mist, nicolae_spider_entry_tight_spaces,
          grunt_forest_large_clearing_hut, lemuel_fruit_fields
Lair:3:   layout_cave_shapes
Lair:4:   layout_layer_cave, slime_entry_2, beast_lair_carwin_1,
          grunt_megastairs_4
Lair:5:   minmay_lair_end_enchanted_forest, layout_misc_corridors,
          nzn_ghost_randoct, serial_bayou_pond_b, dreamdust_mushroom_princess,
          dreamdust_deal_with_the_devil, gammafunk_lair_bear_cave,
          lemuel_fruit_tree, lemuel_fruit_fields, infiniplex_staircase_pool,
          uniq_kirke
Swamp:1:  layout_basic_swamp, evilmike_swamp_ruin_house_3, swamp_pool2,
          nicolae_swamp_small_spring
Swamp:2:  layout_basic_swamp, lemuel_altar_in_water, swamp_pool2,
          nicolae_swamp_baby_hydras
Swamp:3:  layout_basic_swamp, nicolae_swamp_feature_on_the_river_bank,
          swamp_pool1, nicolae_swamp_soggy_hallways, uniq_jorgrun, uniq_roxanne
Swamp:4:  swamp_old_school, layout_basic_swamp
Spider:1: layout_spider_delve, nicolae_spider_bug_shape
Spider:2: lemuel_spider_zombies, special_room [special_room_bee], uniq_aizul
Spider:3: layout_spider_delve
Spider:4: spider_rune_water, gammafunk_ghost_mausoleum
Orc:1:    layout_diamond_mine, nooodl_orcs_dogs
Orc:2:    pf_orc_diabolical, layout_caves, uniq_maurice, uniq_snorg
Elf:1:    layout_gridlike, gammafunk_ghost_cemetery, serial_shops,
          nicolae_lakefront_shop, minmay_elf_annihilation
Elf:2:    nicolae_elf_blades_splatter_lattice
          [nicolae_blade_entry_floor_patterns], layout_loops_corners,
          uniq_louise
Elf:3:    grunt_elf_hall_diamonds, layout_geoelf_castle, serial_shops,
          bzr_in_the_mist, nicolae_trove_entry_isolated
Arena

Skill      XL: |  1  2  3  4  5  6  7  8  9 10 11 12 13 14 15 16 17 18 19 20 21 |
---------------+----------------------------------------------------------------+-----
Axes           | 4 5 6 8 10 12 13 15 | 15.8
Shields        | 5 6 9 11 13 14 15 | 15.0
Fighting       | 4 5 6 7 8 9 11 12 13 14 15 16 17 18 19 | 19.7
Invocations    | 3 6 8 10 11 12 13 | 13.0
Ranged Weapons | 5 8 10 12 14 16 17 19 20 | 20.2
Armour         | 4 6 8 10 11 12 | 12.8
Hexes          | 4 5 |  5.0
Spellcasting   | 3 5 |  5.1
Translocations | 3 5 |  5.0

Action                   |  1- 3 |  4- 6 |  7- 9 | 10-12 | 13-15 | 16-18 | 19-21 || total
-------------------------+-------+-------+-------+-------+-------+-------+-------++-------
Melee: War axe           |   116 |    87 |   295 |    61 |       |       |       ||   559
       Dire flail        |       |       |       |   585 |   278 |       |       ||   863
       Battleaxe         |       |       |       |     6 |   417 |   582 |   131 ||  1136
       Broad axe         |       |       |       |       |    66 |       |       ||    66
       Scimitar          |       |       |       |       |     6 |    41 |       ||    47
       Unarmed           |       |       |       |       |     5 |       |       ||     5
       Triple crossbow   |       |       |       |       |       |     6 |     3 ||     9
 Fire: Sling             |       |       |       |       |    39 |    23 |       ||    62
       Hand crossbow     |       |       |       |       |       |   249 |       ||   249
       Triple crossbow   |       |       |       |       |       |   234 |   761 ||   995
Throw: Dart              |       |     3 |    10 |     8 |    11 |     1 |       ||    33
       Boomerang         |       |       |       |    21 |    16 |       |       ||    37
Invok: Heroism           |       |       |     2 |    17 |    18 |    17 |    14 ||    68
       Finesse           |       |       |       |     2 |     3 |     7 |     8 ||    20
       Duel              |       |       |       |       |       |     3 |     4 ||     7
 Abil: Dig               |       |     1 |       |     3 |       |     1 |     1 ||     6
       Shaft Self        |       |     1 |       |       |       |       |       ||     1
Evoke: Wand              |       |       |       |       |     1 |       |       ||     1
  Use: Scroll            |       |     3 |     1 |     9 |    12 |     3 |     2 ||    30
       Potion            |       |     5 |     2 |     7 |     6 |    15 |     4 ||    39
 Stab: Invisible         |       |     1 |     2 |     3 |       |       |    17 ||    23
       Distracted        |       |       |       |       |       |     1 |       ||     1
Armor: Scale mail        |    16 |       |       |       |       |       |       ||    16
       Plate armour      |    45 |    58 |   149 |     4 |       |       |       ||   256
       Chain mail        |       |       |       |   229 |    88 |       |       ||   317
       Ice dragon scales |       |       |       |       |   210 |   310 |   220 ||   740
       Swamp dragon scal |       |       |       |       |       |   121 |    16 ||   137
Dodge: Dodged            |    57 |    76 |   151 |   273 |   361 |   538 |   227 ||  1683
       Repelled          |       |       |       |       |    12 |       |       ||    12
Block: Buckler           |    34 |    26 |    72 |   127 |   116 |       |       ||   375
       Kite shield       |       |       |       |       |   219 |   534 |       ||   753
       Tower shield      |       |       |       |       |       |   196 |   598 ||   794
       Rpst.: Dire flail |       |       |       |       |    18 |       |       ||    18
       Broad axe         |       |       |       |       |    15 |       |       ||    15
       Battleaxe         |       |       |       |       |   122 |   172 |    56 ||   350
       Scimitar          |       |       |       |       |     4 |    40 |       ||    44

Table legend: (Time is in decaauts)
 A = Elapsed time spent in this place.
 B = Non-inter-level travel time spent in this place.
 C = Inter-level travel time spent in this place.
 D = Time resting spent in this place.
 E = Time spent auto-exploring this place.
 F = Levels seen in this place.
 G = Mean time per level.
                   A        B        C        D        E       F      G
               +--------+--------+--------+--------+--------+-----+--------+
         Total |  33691 |  32047 |   1644 |   3747 |  19158 |  46 |  732.4 |
       Dungeon |  14089 |  13424 |    665 |   1205 |   8970 |  14 | 1006.4 |
        Temple |     32 |     24 |      8 |      0 |      1 |   1 |   32.0 |
          Lair |   4337 |   4069 |    268 |    162 |   2933 |   5 |  867.4 |
         Swamp |   4309 |   4105 |    204 |    614 |   2570 |   4 | 1077.2 |
   Spider Nest |   4196 |   3954 |    242 |    606 |   2072 |   4 | 1049.0 |
  Orcish Mines |   1917 |   1719 |    198 |    342 |    894 |   2 |  958.5 |
   Elven Halls |   3149 |   3092 |     57 |    485 |   1409 |   3 | 1049.7 |
         Abyss |    447 |    447 |      0 |     93 |     34 |   3 |  149.0 |
        Bazaar |     44 |     44 |      0 |      0 |      0 |   1 |   44.0 |
       Ossuary |    351 |    351 |      0 |      7 |      0 |   1 |  351.0 |
      Ice Cave |    695 |    695 |      0 |    172 |    274 |   1 |  695.0 |
         Arena |    119 |    119 |      0 |     59 |      0 |   7 |   17.0 |
               +--------+--------+--------+--------+--------+-----+--------+

Top non-repeatable levels by time:
    D:14: 1475 daAuts
   Orc:2: 1470 daAuts
    D:10: 1411 daAuts
Spider:4: 1359 daAuts
 Swamp:4: 1310 daAuts
    D:11: 1260 daAuts
   Elf:1: 1238 daAuts
     D:9: 1235 daAuts
  Lair:5: 1214 daAuts
 Swamp:3: 1212 daAuts
  Lair:4: 1153 daAuts
     D:7: 1138 daAuts
Spider:1: 1120 daAuts
Spider:3: 1031 daAuts
  Lair:2: 1012 daAuts
